 Dungeon Crawl Stone Soup version 0.31-a0-190-g4feb4907b2 (webtiles) character file.

Game seed: 10111996066038970037

370 qw the Skirmisher (level 6, -3/35 HPs)
             Began as a Deep Elf Hunter on June 23, 2023.
             Killed by nerve-wracking pain
             ... invoked by a shadow imp
              (14 damage)
             ... on level 5 of the Dungeon.
             The game lasted 00:01:20 (3152 turns).

qw the Skirmisher (Deep Elf Hunter)                 Turns: 3152, Time: 00:01:21

Health: -3/35      AC:  6    Str: 10    XL:     6   Next: 42%
Magic:  8/8        EV: 11    Int: 14    God:
Gold:   239        SH:  0    Dex: 18    Spells: 5/5 levels left

rFire   . . .        Y - +0 shortbow
rCold   + . .        (shield currently unavailable)
rNeg    . . .        h - +0 ring mail
rPois   .            (no helmet)
rElec   .            c - +0 cloak
rCorr   .            (no gloves)
SInv    .            (no boots)
Will    .....        (no amulet)
Stlth   +            b - ring of protection from cold
HPRegen 0.25/turn    (no ring)
MPRegen 0.11/turn

%: no passive effects
@: no status effects
A: no striking features
a: no special abilities


You were on level 5 of the Dungeon.
You visited 1 branch of the dungeon, and saw 5 of its levels.

You collected 239 gold pieces.


   Skills:
 - Level 2.1 Fighting
 - Level 10.0 Ranged Weapons
 + Level 2.4 Dodging
 - Level 1.2 Stealth


You had 5 spell levels left.
You didn't know any spells.
Your spell library was empty.

Inventory:

Hand Weapons
 Y - a +0 shortbow (weapon)
Armour
 c - a +0 cloak (worn)
 h - a +0 ring mail (worn)
Jewellery
 b - a ring of protection from cold (left hand)
Scrolls
 i - a scroll of revelation {unknown}
 j - 3 scrolls of identify
Potions
 a - a potion of might
 d - a potion of cancellation
 e - a potion of resistance
 f - 2 potions of curing
 g - 2 potions of mutation {unknown}

Dungeon Overview and Level Annotations

Branches:
Dungeon (5/15)
 Temple: D:4-7

Altars:

Annotations:
D:5 Blork the orc


Message History

The orc wizard hits you but does no damage.
The orc barely misses you.
A shadow imp comes into view.
You shoot an arrow.
The arrow closely misses the orc wizard.
The shadow imp shouts!
You hear a shout!
The orc wizard hits you with a +0 dagger.
The orc barely misses you.
The shadow imp sputters.
You shoot an arrow. The arrow hits the orc wizard.
You kill the orc wizard!
An orc wizard comes into view. It is wielding a +0 dagger.
The orc hits you but does no damage.
You shoot an arrow. The arrow hits the orc.
The orc is almost dead.
The orc hits you with a +0 club.
You shoot an arrow. The arrow closely misses the orc.
The orc hits you with a +0 club.
You shoot an arrow. The arrow barely misses the orc.
The orc barely misses you. The iguana bites you!
You shoot an arrow.
The arrow hits the orc but does no damage.
The orc is severely wounded.
The orc hits you but does no damage. The iguana barely misses you.
You shoot an arrow. The arrow hits the orc!
You kill the orc!
Blork the orc casts a spell.
Blork the orc seems to speed up.
The iguana misses you.
Your Ranged Weapons skill increases to level 10!
You shoot an arrow. The arrow barely misses the iguana.
The iguana closely misses you.
The shadow imp hits you but does no damage.
Blork the orc barely misses you.
You shoot an arrow. The arrow hits the iguana.
The iguana is lightly wounded.
Blork the orc closely misses you. The shadow imp gestures at you.
Pain shoots through your body!
You die...

#...##....##.....
#...#............
#................ ##
###.......#...).. #.#
##......#..)<.. ##...
##.......#......
##....###...............
#............##.###.###.
#...o5@..#..#..........
##...ol###....##.###.##
##...## #..#.#........
#... #..#...##.###. ##..
#..#.#.#.. ... ...
....#... #.# #...
.#.#...# .... ...}..
.#...#


You could see Blork the orc (fast), an iguana, an orc wizard and a shadow imp.

Vanquished Creatures
  2 hounds (D:4)
  A jelly (D:5)
  An orc priest (D:2)
  4 orc wizards
  5 adders
  An ufetubus (D:4)
  A worm (D:4)
  A dart slug (D:1)
  8 orcs
  4 bats
  6 endoplasms
  A giant cockroach (D:1)
  6 goblins
  10 hobgoblins
  4 jackals (D:2)
  3 quokkas
  14 ball pythons
  2 frilled lizards
  7 kobolds
  7 rats
88 creatures vanquished.

Notes
Turn   | Place    | Note
-------+----------+-------------------------------------------
     0 | D:1      | qw the Deep Elf Hunter began the quest for the Orb.
     0 | D:1      | Reached XP level 1. HP: 12/12 MP: 3/3
     0 | D:1      | 0 ||| qw: Version: 0.3-a-9-g12657ce
     0 | D:1      | 0 ||| qw: Game counter: 4492
     0 | D:1      | 0 ||| qw: Always use a shield: true
     0 | D:1      | 0 ||| qw: God list: Okawaru
     0 | D:1      | 0 ||| qw: Allow faded altars: false
     0 | D:1      | 0 ||| qw: Do Orc after D:15 true
     0 | D:1      | 0 ||| qw: Do second Lair branch before Depths: true
     0 | D:1      | 0 ||| qw: Lair rune preference: random
     0 | D:1      | 0 ||| qw: Plans: Normal
     0 | D:1      | 0 ||| PLANNING D:1-11
   109 | D:1      | Reached skill level 6 in Ranged Weapons
   109 | D:1      | Reached XP level 2. HP: 16/16 MP: 4/4
   379 | D:1      | 379 ||| UPGRADING to +0 ring mail.
   389 | D:1      | 389 ||| DROPPING +0 leather armour.
   390 | D:1      | 390 ||| READING scroll labelled PUMAOL ESIEDIAKYR.
   391 | D:1      | 391 ||| READING scroll labelled MOCIREVOSO.
   392 | D:1      | 392 ||| DRINKING 2 emerald potions.
   393 | D:1      | 393 ||| DROPPING scroll of butterflies.
   597 | D:2      | Reached XP level 3. HP: 20/20 MP: 5/5
   667 | D:2      | Reached skill level 7 in Ranged Weapons
  1169 | D:2      | 1169 ||| READING scroll labelled CAMIBA JEFAENIGH.
  1170 | D:2      | 1170 ||| DRINKING 2 red potions.
  1171 | D:2      | 1171 ||| DRINKING 2 fuming inky potions.
  1214 | D:3      | 1214 ||| STAIRDANCE
  1223 | D:2      | HP: 4/20 [adder (3)]
  1224 | D:2      | 1224 ||| DRINKING potion of heal wounds.
  1226 | D:2      | Reached XP level 4. HP: 25/25 MP: 6/6
  1465 | D:3      | Reached skill level 8 in Ranged Weapons
  1474 | D:3      | Reached XP level 5. HP: 14/29 MP: 7/7
  1622 | D:3      | 1622 ||| FLEEEEING.
  1623 | D:3      | 1623 ||| FLEEEEING.
  1624 | D:3      | 1624 ||| FLEEEEING.
  1625 | D:3      | 1625 ||| FLEEEEING.
  1626 | D:3      | 1626 ||| FLEEEEING.
  1627 | D:3      | 1627 ||| FLEEEEING.
  1628 | D:3      | 1628 ||| FLEEEEING.
  1629 | D:3      | 1629 ||| FLEEEEING.
  1633 | D:3      | 1633 ||| FLEEEEING.
  1634 | D:3      | 1634 ||| FLEEEEING.
  1635 | D:3      | 1635 ||| FLEEEEING.
  1636 | D:3      | 1636 ||| FLEEEEING.
  1637 | D:3      | 1637 ||| STAIRDANCE
  1660 | D:2      | 1660 ||| UPGRADING to +0 cloak.
  1665 | D:2      | 1665 ||| UPGRADING to ring of protection from cold.
  1666 | D:2      | 1666 ||| READING scroll labelled AFECSE AGIQIAH.
  1667 | D:2      | 1667 ||| READING scroll labelled GEM JINATUFIA.
  1668 | D:2      | 1668 ||| READING 2 scrolls labelled RUETSI TAUGUG.
  1669 | D:2      | 1669 ||| DROPPING scroll of blinking.
  1676 | D:3      | 1676 ||| STAIRDANCE
  2105 | D:4      | Reached skill level 9 in Ranged Weapons
  2789 | D:4      | 2789 ||| READING scroll labelled VICUFO MUIPO BIU.
  2790 | D:4      | 2790 ||| READING scroll labelled NIRAUD TETZ.
  2791 | D:4      | 2791 ||| DRINKING 3 sedimented black potions.
  2792 | D:4      | 2792 ||| READING 3 scrolls of identify.
  2792 | D:4      | 2792 ||| IDENTIFYING smoky blue potion
  2814 | D:5      | Entered Level 5 of the Dungeon
  2817 | D:5      | 2817 ||| STAIRDANCE
  2823 | D:4      | Reached XP level 6. HP: 24/35 MP: 8/8
  2869 | D:5      | 2869 ||| STAIRDANCE
  2955 | D:5      | 2955 ||| STAIRDANCE
  3141 | D:5      | Noticed Blork the orc
  3151 | D:5      | Reached skill level 10 in Ranged Weapons
  3152 | D:5      | Killed from afar by a shadow imp

Levels and vault maps discovered:
D:1:      ebering_hopf_link, layout_rooms
D:2:      layout_basic, kennysheep_generic_room_3
D:3:      layout_rooms
D:4:      layout_basic
D:5:      layout_cave_pools, chequers_serial_rivers_micro_c,
          nicolae_concentric_dashed_squares_wild, uniq_blork_the_orc

Skill      XL: |  1  2  3  4  5  6 |
---------------+-------------------+-----
Ranged Weapons | 6 7 8 9 10 | 10.0
Fighting       | 2 |  2.1
Dodging        | |  2.4
Stealth        | |  1.2

Action                     |  1- 3 |  4- 6 || total
---------------------------+-------+-------++-------
   Fire: Shortbow          |   114 |   190 ||   304
    Use: Scroll            |     3 |     6 ||     9
         Potion            |     4 |     1 ||     5
 Armour: Leather armour    |     6 |       ||     6
         Ring mail         |    10 |    53 ||    63
  Dodge: Dodged            |    38 |    60 ||    98

Table legend:
 A = Non-vault XP
 B = Vault XP
 C = Vault XP percentage of total XP
 D = Non-vault monster count
 E = Vault monster count
 F = Vault count percentage of total count
                 A         B        C        D         E       F
            +---------+---------+-------+---------+---------+-------
      Total |     529 |       0 |   0.0 |      88 |       0 |   0.0
            +---------+---------+-------+---------+---------+-------
        D:1 |      33 |       0 |   0.0 |      19 |       0 |   0.0
        D:2 |     104 |       0 |   0.0 |      23 |       0 |   0.0
        D:3 |     124 |       0 |   0.0 |      26 |       0 |   0.0
        D:4 |     147 |       0 |   0.0 |      15 |       0 |   0.0
        D:5 |     121 |       0 |   0.0 |       5 |       0 |   0.0
            +---------+---------+-------+---------+---------+-------
